 Dungeon Crawl Stone Soup version 0.21-a0-396-ga924934 (webtiles) character file.

42 Kavrick the Skirmisher (level 3, -3/29 HPs)
             Began as a Demonspawn Fighter on Oct 19, 2017.
             Slain by a worm (7 damage)
             ... on level 2 of the Dungeon.
             The game lasted 00:01:52 (929 turns).

Kavrick the Skirmisher (Demonspawn Fighter)          Turns: 929, Time: 00:01:52

Health: -3/29      AC:  6    Str: 17    XL:     3   Next: 35%
Magic:  3/3        EV:  7    Int:  9    God:
Gold:   40         SH:  9    Dex: 12    Spells: 2/2 levels left

rFire    . . .     SeeInvis .     - Unarmed
rCold    . . .     Gourm    .   b - +0 shield
rNeg     . . .     Faith    .   a - +0 scale mail
rPois    .         Spirit   .   (helmet restricted)
rElec    .         Reflect  .   (no cloak)
rCorr    .         Harm     .   (no gloves)
MR       .....                  (no boots)
Stlth    ..........             (no amulet)
HPRegen  0.09/turn              (no ring)
MPRegen  0.08/turn              (no ring)

@: no status effects
A: antennae 1, powered by pain 1
a: no special abilities


You were on level 2 of the Dungeon.
You were not hungry.

You visited 1 branch of the dungeon, and saw 2 of its levels.

You collected 40 gold pieces.

Inventory:

Armour
 a - a +0 scale mail (worn)
 b - a +0 shield (worn)
Scrolls
 e - a scroll of identify {unknown}
 j - a scroll of remove curse {unknown}
Potions
 c - 2 potions of might
 g - a potion of curing {unknown}
 h - a potion of berserk rage {unknown}
 i - a potion of lignification {unknown}
Comestibles
 d - 4 bread rations
 f - a meat ration
 k - 2 chunks of flesh


   Skills:
 + Level 3.3 Fighting
 + Level 3.0 Armour
 + Level 3.0 Shields
 * Level 2.6 Unarmed Combat


You had 2 spell levels left.
You didn't know any spells.

Dungeon Overview and Level Annotations

Branches:
Dungeon (2/15)

Altars:


Innate Abilities, Weirdness & Mutations

You have a pair of small antennae on your head.
You sometimes gain a little power by taking damage.


Message History

You are too injured to fight recklessly!
You are too injured to fight recklessly!
You are too injured to fight recklessly!
You are too injured to fight recklessly!
A worm is nearby!
You barely miss the worm.
The worm is severely wounded.
You block the worm's attack.
You hit the worm but do no damage.
The worm is heavily wounded.
You hit the worm.
The worm is severely wounded.
The worm bites you.
* * * LOW HITPOINT WARNING * * *
You hit the worm.
The worm is almost dead.
You hit the worm.
The worm is almost dead.
The worm bites you!
You die...

#....# #.# #..#.....
#....# # #..#.....
#....# #. #..#.....
###### #. #..#..... #.#
#........ ..## ##....#..
## ..#########....#..
.... #w..........#.....
.....#@.######.........
.........#......####....
......##...###### #....
...... #.### ##... .....
### ##... ..... #....
.... #.... ..>. #....
##...


You could see a worm.

Vanquished Creatures
  An adder (D:2)
  A giant cockroach (D:1)
  6 goblins (D:1)
  4 hobgoblins (D:1)
  3 jackals (D:1)
  3 kobolds
  7 bats (D:1)
  A frilled lizard (D:1)
  5 rats (D:1)
31 creatures vanquished.

Notes
Turn   | Place    | Note
-------+----------+-------------------------------------------
     0 | D:1      | Kavrick the Demonspawn Fighter began the quest for the Orb.
     0 | D:1      | Reached XP level 1. HP: 18/18 MP: 1/1
   129 | D:1      | Gained mutation: You have a pair of small antennae on your head. [demonic ancestry]
   129 | D:1      | Reached XP level 2. HP: 21/24 MP: 2/2
   539 | D:1      | Gained mutation: You sometimes gain a little power by taking damage. [demonic ancestry]
   539 | D:1      | Reached XP level 3. HP: 19/29 MP: 3/3
   929 | D:2      | Slain by a worm

Vault maps used:
D:1:      dpeg_arrival_tiny_d, minmay_tall_x

Skill      XL: |  1  2  3 |
---------------+----------+-----
Unarmed Combat | 2 |  2.6
Armour         | 3 |  3.0
Shields        | 3 |  3.0
Fighting       | |  3.3

Action                   || total
-------------------------++-------
Melee: Unarmed           ||   175
Armor: Scale mail        ||   136
Dodge: Dodged            ||    74
Block: Shield            ||   126

Table legend:
 A = Spawn XP
 B = Non-spawn XP
 C = Spawn XP percentage of total XP
 D = Spawn monster count
 E = Non-spawn monster count
 F = Spawn count percentage of total count
 G = Total turns spent on level
                    A         B        C        D         E        F      G
               +---------+---------+-------+---------+---------+-------+---------
         Total |       0 |      61 |   0.0 |       0 |      31 |   0.0 |   929
               +---------+---------+-------+---------+---------+-------+---------
           D:1 |       0 |      46 |   0.0 |       0 |      28 |   0.0 |   804
           D:2 |       0 |      15 |   0.0 |       0 |       3 |   0.0 |   125
               +---------+---------+-------+---------+---------+-------+---------
